Map: Triton LE

Players

Dear

  • Race: Protoss Protoss
  • League: Master
  • Spawn Location: 11:00

DRG - Winner!

  • Race: Zerg Zerg
  • League: Master
  • Spawn Location: 5:00

VOD

Have the link to the VOD?

Description

Time

  • Played on: Jan. 9, 2020, 4:43 a.m.
  • Length: 9:17
Show
View Real Time Build Order
Export as new Build Order

Dear Protoss 

Build Orders: 1 Gate Expand, Oracle Opening, Mass Adepts 

Get SALT Encoding   

  12  0:00  Probe  
  13  0:12  Probe  
  14  0:20  Pylon  
  14  0:24  Probe  
  15  0:38  Probe (Chrono Boost)  
  16  0:44  Gateway  
  16  0:47  Probe (Chrono Boost)  
  16  0:48  Assimilator  
  17  0:52  Probe (Chrono Boost)  
  18  1:04  Probe  
  19  1:17  Probe  
  20  1:23  Nexus  
  20  1:33  Cybernetics Core  
  20  1:35  Probe  
  21  1:43  Assimilator  
  21  1:47  Probe  
  21  1:51  Pylon  
  22  1:59  Probe  
  23  2:07  Adept (Chrono Boost)  
  23  2:11  Warp Gate, Probe  
  26  2:24  Probe (Chrono Boost)  
  26  2:25  Stargate  
  27  2:35  Probe (Chrono Boost), Stalker  
  27  2:36  Probe (Chrono Boost)  
  32  2:45  Probe x2 (Chrono Boost)  
  32  2:50  Probe x2 (Chrono Boost)  
  35  3:02  Probe x2  
  35  3:05  Oracle (Chrono Boost)  
  40  3:13  Gateway  
  40  3:15  Probe  
  40  3:16  Probe  
  40  3:19  Gateway  
  42  3:23  Twilight Council  
  42  3:28  Probe, Pylon  
  42  3:30  Probe  
  44  3:40  Probe  
  45  3:41  Assimilator  
  45  3:42  Probe  
  45  3:43  Assimilator  
  45  3:45  Pylon  
  46  3:52  Probe, Resonating Glaives (Chrono Boost)  
  46  3:53  Pylon  
  46  3:54  Probe  
  48  3:56  Robotics Facility  
  45  4:05  Probe  
  45  4:06  Probe  
  47  4:11  Adept x2  
  47  4:13  Adept  
  47  4:17  Probe  
  54  4:18  Probe  
  55  4:31  Adept x2  
  55  4:33  Adept  
  61  4:41  Nexus  
  61  4:43  Observer  
  62  4:47  Pylon  
  62  4:51  Adept  
  62  4:52  Adept  
  66  4:53  Adept  
  66  4:55  Probe  
  66  4:57  Probe  
  70  5:04  Forge  
  70  5:07  Probe  
  70  5:09  Probe  
  70  5:10  Pylon  
  70  5:13  Adept  
  74  5:14  Adept  
  74  5:16  Sentry  
  78  5:28  Probe x2  
  80  5:31  Immortal  
  84  5:38  Sentry  
  86  5:43  Probe x2, Protoss Ground Weapons Level 1  
  86  5:45  Pylon  
  86  5:47  Charge  
  86  5:54  Probe (Chrono Boost)  
  86  5:56  Probe (Chrono Boost)  
  82  6:01  Probe (Chrono Boost)  
  79  6:06  Probe (Chrono Boost)  
  79  6:08  Probe (Chrono Boost)  
  79  6:09  Immortal (Chrono Boost)  
  79  6:10  Probe (Chrono Boost), Sentry  
  88  6:12  Probe x2 (Chrono Boost)  
  88  6:15  Probe (Chrono Boost)  
  91  6:20  Probe, Gateway  
  91  6:21  Gateway  
  91  6:22  Probe, Sentry x2  
  91  6:25  Gateway  
  97  6:27  Probe  
  97  6:31  Pylon  
  97  6:32  Assimilator  
  98  6:35  Phoenix, Pylon, Assimilator  
  98  6:39  Photon Cannon  
  100  6:40  Probe x2  
  100  6:41  Probe  
  103  6:47  Warp Prism (Chrono Boost)  
  95  7:03  Phoenix (Chrono Boost)  
  85  7:11  Zealot x3  
  83  7:16  Immortal  
  83  7:19  Zealot x2  
  83  7:20  Phoenix (Chrono Boost), Zealot  
  95  7:23  Photon Cannon  
  95  7:24  Photon Cannon  
  95  7:27  Templar Archives  
  95  7:30  Gateway  
  95  7:31  Gateway  
  95  7:38  Phoenix (Chrono Boost)  
  97  7:48  Stalker x4  
  97  7:49  Stalker x2  
  107  7:57  Phoenix (Chrono Boost)  
  87  8:14  Phoenix (Chrono Boost)  
  87  8:16  Stalker x6  
  88  8:27  Stalker x2  
  84  8:36  Phoenix (Chrono Boost)  
  80  8:44  Stalker x6  
  86  8:56  Zealot x2  
  90  9:05  Stargate  
  90  9:09  Pylon  
Show
View Real Time Build Order
Export as new Build Order

DRG Zerg - Winner!

Build Orders: Hatch First 

Get SALT Encoding   

  12  0:01  Drone  
  13  0:12  Overlord  
  13  0:17  Drone  
  14  0:30  Drone x2  
  16  0:47  Hatchery  
  15  0:50  Drone  
  15  0:54  Drone  
  17  0:57  Drone  
  18  1:07  Extractor  
  17  1:12  Spawning Pool  
  17  1:15  Drone  
  17  1:18  Drone  
  18  1:28  Drone  
  19  1:39  Drone  
  20  1:47  Hatchery  
  20  1:50  Drone  
  20  2:00  Drone x2  
  22  2:06  Queen  
  24  2:11  Drone  
  25  2:16  Overlord  
  25  2:23  Queen  
  25  2:26  Drone  
  28  2:31  Metabolic Boost  
  28  2:34  Zergling x2  
  28  2:36  Zergling x2  
  30  2:40  Drone  
  30  2:42  Drone  
  30  2:43  Drone  
  33  2:49  Queen  
  35  2:53  Drone  
  36  2:59  Overlord  
  36  3:04  Queen  
  38  3:08  Drone  
  38  3:09  Overlord  
  39  3:13  Drone  
  39  3:14  Drone  
  39  3:18  Drone x2  
  43  3:22  Overlord  
  43  3:26  Drone x2  
  45  3:30  Queen  
  45  3:33  Drone  
  48  3:37  Drone x2  
  48  3:38  Drone x2  
  51  3:44  Drone x2  
  55  3:49  Drone  
  55  3:53  Spore Crawler  
  55  3:56  Spore Crawler  
  55  4:02  Drone x2  
  53  4:03  Drone x2  
  53  4:04  Drone x3  
  53  4:06  Spore Crawler  
  55  4:10  Evolution Chamber  
  55  4:11  Drone  
  55  4:12  Overlord  
  55  4:15  Drone x3  
  55  4:16  Drone  
  59  4:19  Drone x3  
  59  4:21  Drone  
  63  4:28  Drone x2  
  63  4:29  Overlord  
  65  4:36  Lair, Zerg Melee Weapons Level 1  
  65  4:39  Zergling x8  
  65  4:41  Zergling x4  
  65  4:44  Drone x2  
  73  4:52  Drone x3  
  76  4:57  Extractor, Drone x4  
  76  4:59  Extractor  
  78  5:00  Extractor  
  78  5:01  Extractor  
  78  5:06  Drone x3  
  79  5:09  Zergling x4  
  79  5:12  Zergling x2, Overlord x2  
  79  5:14  Hatchery  
  81  5:15  Spine Crawler  
  81  5:19  Zergling x4  
  82  5:35  Zergling x18  
  85  5:42  Spire  
  79  5:46  Drone x7  
  86  5:53  Drone  
  80  5:58  Drone x4  
  80  6:00  Drone  
  81  6:05  Extractor, Drone  
  81  6:13  Drone x4  
  81  6:14  Drone  
  81  6:15  Overlord  
  86  6:21  Zergling x2  
  86  6:24  Overlord  
  87  6:26  Hatchery  
  87  6:27  Zergling x4  
  88  6:34  Overlord x2  
  88  6:36  Zergling x10  
  93  6:45  Zergling x8  
  92  6:49  Zergling x8  
  89  7:01  Mutalisk  
  89  7:02  Mutalisk x4  
  89  7:06  Mutalisk x4  
  104  7:11  Mutalisk  
  104  7:15  Extractor  
  102  7:16  Extractor  
  102  7:17  Zerg Flyer Weapons Level 1  
  102  7:19  Zergling x2  
  102  7:20  Zergling x12  
  102  7:21  Hatchery  
  107  7:22  Mutalisk  
  107  7:27  Queen  
  111  7:31  Mutalisk x2  
  113  7:44  Mutalisk x2  
  113  7:50  Drone x2  
  113  7:51  Drone x5  
  118  7:56  Mutalisk x2  
  123  7:58  Overlord x2  
  123  8:00  Drone x2  
  118  8:15  Mutalisk x3  
  118  8:19  Zergling x14  
  127  8:24  Mutalisk x2, Baneling Nest  
  130  8:28  Zergling x4  
  126  8:34  Zergling x12  
  126  8:38  Mutalisk x2  
  136  8:44  Mutalisk x2  
  138  8:50  Zergling x14  
  145  8:56  Drone x2  
  145  8:58  Drone x3  
Tags
 
Add a new tag
Caveats
  • Supply blocks, unpowered buildings, or Contaminate may cause inaccurate times.
  • Supply counts are checked every 10 seconds.